 Dungeon Crawl Stone Soup version bcrawl-1.12.1 (webtiles) character file.

Game seed: 4732159041297672030

259 Chiseanne the Cudgeler (level 5, 35/50 HPs)
             Began as a Deep Dwarf Archaeologist on July 11, 2019.
             Was an Elder of Elyvilon.
             Quit the game on level 4 of the Dungeon.
             The game lasted 00:09:04 (2821 turns).

Chiseanne the Cudgeler (Deep Dwarf Archaeologist)   Turns: 2821, Time: 00:09:04

Health: 35/50      AC: 11    Str: 14    XL:     5   Next: 95%
Magic:  5/5        EV: 11    Int: 15    God:    Elyvilon [****..]
Gold:   279        SH:  0    Dex: 12    Spells: 4/4 levels left

rFire    . . .     SeeInvis .   t - +0 hand axe
rCold    . . .     Gourm    +   (no shield)
rNeg     . . .     Faith    .   j - +1 ring mail
rPois    .         Spirit   .   c - +1 hat
rElec    .         Reflect  .   y - +1 cloak
rCorr    .         Harm     .   (no gloves)
MR       .....                  d - +1 pair of boots
Stlth    ++........             x - amulet of the gourmand
HPRegen  0.00/turn              (no ring)
MPRegen  0.09/turn              (no ring)

@: non-regenerating, studying Maces & Flails
A: damage resistance, sense surroundings 1, no regeneration
a: Lesser Healing, Heal Other, Purification, Greater Healing, Divine Protection,
Renounce Religion


You were on level 4 of the Dungeon.
You worshipped Elyvilon.
Elyvilon was greatly pleased with you.
You were very full.

You visited 1 branch of the dungeon, and saw 4 of its levels.

You collected 279 gold pieces.

Inventory:

Hand Weapons
 q - a +0 blowgun
 t - a +0 hand axe (weapon)
Missiles
 i - 977 stones (quivered)
 n - 127 poisoned needles
 s - 91 arrows
 u - 158 bolts
Armour
 c - a +1 hat (worn)
 d - a +1 pair of boots (worn)
 j - a +1 ring mail (worn)
 y - a +1 cloak (worn)
Jewellery
 w - an uncursed amulet of rage {unknown}
 x - an amulet of the gourmand (around neck)
Wands
 m - a wand of paralysis (8)
Scrolls
 a - a scroll of amnesia
 h - a scroll of enchant armour
 l - a scroll of fear
 r - 2 scrolls of teleportation
 v - a scroll of remove curse
Potions
 b - 3 potions of haste
 o - a potion of curing
Books
 e - a manual of Maces & Flails
Miscellaneous
 f - an ancient crate
Comestibles
 g - 6 rations {!d}


   Skills:
 - Level 3.7 Fighting
 + Level 6.7 Maces & Flails
 - Level 3.2 Dodging
 - Level 4.0 Stealth


You had 4 spell levels left.
You didn't know any spells.
Your spell library was empty.

Dungeon Overview and Level Annotations

Branches:
Dungeon (4/12)             Temple (0/1) D:4

Altars:
Lugonu
Xom


Innate Abilities, Weirdness & Mutations

You are resistant to damage.
You passively map a small area around you.
You do not regenerate.


Message History

You hit the adder.
You kill the adder!
No target in view!
No target in view!
No target in view!
No target in view!
No target in view!
No target in view!
No target in view!
No target in view!
No target in view!
No target in view!
No target in view!
No target in view!
No target in view!
No target in view!
No target in view!
No target in view!
No target in view!
Are you sure you want to abandon this character and quit the game? (Confirm with "yes".)

..# #...............#
##))÷.. .#*
#..............## ##.[....
## #.............##
###....... #
...#####......####.........
##### ..
##.......##.......... .....
* ##....#........##.....
.....
##....#........#####...
..... , #.............##
##.. ##### #.....@.......#
.. ........#######.# **,.
....##### *## , # .#. * , *
, #* *, , , >, ⌠, , .# *
*** , * .<. * * , * #... ,
#.. , , , ,


There were no monsters in sight!

Vanquished Creatures
  A hound (D:4)
  3 worker ants (D:4)
  4 adders
  An ooze (D:1)
  4 worms
  3 dart slugs
  6 leopard geckos
  11 orcs
  2 ball pythons
  6 bats
  5 giant cockroaches
  5 goblins
  4 hobgoblins
  9 jackals (D:3)
  2 quokkas
  7 frilled lizards
  7 kobolds
  6 rats
86 creatures vanquished.

Notes
Turn   | Place    | Note
-------+----------+-------------------------------------------
     0 | D:1      | Chiseanne the Deep Dwarf Archaeologist began the quest for
                  | the Orb.
     0 | D:1      | Reached XP level 1. HP: 18/18 MP: 1/1
   290 | D:1      | Found a shimmering altar of Xom.
   362 | D:1      | Reached XP level 2. HP: 24/26 MP: 2/2
   380 | D:1      | Reached ** piety under Elyvilon
   637 | D:1      | Reached XP level 3. HP: 23/34 MP: 3/3
  1157 | D:2      | Reached *** piety under Elyvilon
  1355 | D:2      | Reached XP level 4. HP: 37/44 MP: 1/4
  1407 | D:2      | Reached skill level 2 in Maces & Flails
  2018 | D:3      | Reached **** piety under Elyvilon
  2113 | D:3      | Reached skill level 3 in Maces & Flails
  2276 | D:3      | Found a corrupted altar of Lugonu.
  2363 | D:3      | Reached skill level 4 in Maces & Flails
  2598 | D:4      | Reached XP level 5. HP: 32/50 MP: 5/5
  2640 | D:4      | Reached skill level 5 in Maces & Flails
  2707 | D:4      | Reached skill level 6 in Maces & Flails
  2821 | D:4      | Quit the game

Skill      XL: |  1  2  3  4  5 |
---------------+----------------+-----
Fighting       | 2 3 |  3.7
Maces & Flails | 4 6 |  6.7
Dodging        | |  3.2
Stealth        | |  4.0

Action                   |  1- 3 |  4- 6 || total
-------------------------+-------+-------++-------
Melee: Whip              |   173 |       ||   173
       Hand axe          |    33 |   201 ||   234
Invok: Lesser Healing    |     2 |     1 ||     3
Evoke: Wand              |     2 |       ||     2
  Use: Scroll            |     4 |     8 ||    12
       Potion            |       |     1 ||     1
 Stab: Sleeping          |     3 |     4 ||     7
       Paralysed         |     3 |       ||     3
  Eat: Chunk             |     2 |    26 ||    28
Armor: Ring mail         |   101 |    94 ||   195
Dodge: Dodged            |   148 |   141 ||   289
